 Dungeon Crawl Stone Soup version 0.27-a0-498-g7ecbb0a48f (webtiles) character file.

Game seed: 12987564556899345956

117 Anon1729 the Grasshopper (level 5, -1/39 HPs)
             Began as a Formicid Warper on Mar 2, 2021.
             Slain by a howler monkey (5 damage)
             ... on level 4 of the Dungeon.
             The game lasted 00:06:11 (5364 turns).

Anon1729 the Grasshopper (Formicid Warper)          Turns: 5364, Time: 00:06:12

Health: -1/39      AC:  4    Str: 16    XL:     5   Next: 22%
Magic:  9/9        EV: 12    Int: 13    God:
Gold:   140        SH:  0    Dex: 10    Spells: 9/9 levels left

rFire    . . .     SeeInvis +   a - +0 mace
rCold    . . .     Faith    .   (no shield)
rNeg     . . .     Spirit   .   b - +0 leather armour
rPois    .         Reflect  .   (helmet unavailable)
rElec    .         Harm     .   (no cloak)
rCorr    .         Rampage  .   i - +0 pair of gloves
Will     .....                  (no boots)
Stlth    +.........             (no amulet)
HPRegen  0.13/turn              (no ring)
MPRegen  0.11/turn              (no ring)

@: no status effects
A: permanent stasis, dig shafts and tunnels, antennae 3, four strong arms
a: Dig, Shaft Self


You were on level 4 of the Dungeon.
You visited 1 branch of the dungeon, and saw 4 of its levels.

You collected 140 gold pieces.

Inventory:

Hand Weapons
 a - a +0 mace (weapon)
 l - a +2 great sword of holy wrath
Missiles
 d - 10 boomerangs of dispersal (quivered)
Armour
 b - a +0 leather armour (worn)
 i - a +0 pair of gloves (worn)
Scrolls
 e - 2 scrolls of magic mapping {unknown}
 f - 3 scrolls of blinking {unknown}
 j - 4 scrolls of identify {unknown}
 k - 2 scrolls of teleportation {unknown}
Potions
 c - a potion of ambrosia {unknown}
 g - 3 potions of degeneration {unknown}
 h - a potion of heal wounds {unknown}
 m - a potion of might {unknown}
 n - 2 potions of berserk rage {unknown}


   Skills:
 + Level 2.7 Fighting
 * Level 3.0 Maces & Flails
 - Level 1.1 Throwing
 * Level 2.5 Armour
 + Level 2.2 Dodging
 + Level 2.7 Spellcasting
 + Level 3.0 Translocations


You had 9 spell levels left.
You didn't know any spells.
Your spell library contained the following spells:

 Spells                   Type           Power        Failure   Level
 Gell's Gravitas          Tloc           4%           24%         3
 Lesser Beckoning         Tloc           4%           24%         3
 Teleport Other           Tloc           9%           24%         3
 Manifold Assault         Tloc           9%           63%         4
 Blink                    Tloc           Unusable     N/A         2

Dungeon Overview and Level Annotations

Branches:
Dungeon (4/15)
 Temple: D:4-7

Altars:
Cheibriados
Ru


Innate Abilities, Weirdness & Mutations

You cannot be hasted, slowed, berserked, paralysed or teleported.
You can dig through walls and to a lower floor.
You have a pair of large antennae on your head. (SInv)
Your four strong arms can wield two-handed weapons with a shield.


Message History

You barely miss the ogre.
The ogre is lightly wounded.
The dart slug bites you. The ogre closely misses you.
The kobold barely misses you.
You barely miss the ogre.
The ogre is lightly wounded.
The kobold hits you but does no damage.
The ogre hits you with a +0 giant club!!
Ouch! That really hurt!
* * * LOW HITPOINT WARNING * * *
The dart slug bites you but does no damage.
You are too injured to fight recklessly!
You are too injured to fight recklessly!
Unknown command.
The kobold hits you with a +0 whip.
* * * LOW HITPOINT WARNING * * *
There is an open door here.
You close the door.
A kobold opens the door.
There is a stone staircase leading down here.
You climb downwards.
A howler monkey comes into view.
Found 20 sling bullets and a scroll labelled DOKHIRYSAO.
There is a stone staircase leading up here.
The howler monkey hoots and howls with incredible vigour!
You hear a bark!
You see here a scroll labelled DOKHIRYSAO.
j - 4 scrolls labelled DOKHIRYSAO (gained 1)
You hit the howler monkey.
The howler monkey is moderately wounded.
The howler monkey misses you. The howler monkey barely misses you.
You hit the howler monkey.
The howler monkey is heavily wounded.
The howler monkey hits you.
* * * LOW HITPOINT WARNING * * *
You hit the howler monkey.
The howler monkey is severely wounded.
The howler monkey hits you.
* * * LOW HITPOINT WARNING * * *
The howler monkey hits you.
You die...

........+
........##
........<#
.........#
........##
........+
........#
.......h#
.......@#
#########


You could see a howler monkey.

Vanquished Creatures
  4 adders
  An ooze (D:2)
  3 worms
  2 dart slugs (D:1)
  A leopard gecko (D:2)
  An orc (D:3)
  10 bats
  5 giant cockroaches
  9 hobgoblins
  5 jackals (D:1)
  A quokka (D:3)
  A ball python (D:1)
  3 frilled lizards
  7 goblins
  3 kobolds
  5 rats
61 creatures vanquished.

Notes
Turn   | Place    | Note
-------+----------+-------------------------------------------
     0 | D:1      | Anon1729 the Formicid Warper began the quest for the Orb.
     0 | D:1      | Reached XP level 1. HP: 16/16 MP: 3/3
   253 | D:1      | Reached XP level 2. HP: 20/22 MP: 5/5
   836 | D:1      | Reached XP level 3. HP: 27/28 MP: 6/6
  2711 | D:2      | Reached XP level 4. HP: 33/34 MP: 7/7
  2711 | D:2      | Found a sacrificial altar of Ru.
  3889 | D:2      | Found a snail-covered altar of Cheibriados.
  4347 | D:3      | Reached XP level 5. HP: 34/39 MP: 8/8
  4714 | D:3      | Noticed an ogre
  5364 | D:4      | Slain by a howler monkey

Illustrated notes

Levels and vault maps discovered:
D:1:      matt_arrival_refuge, layout_basic, serial_bayou_pond_b
D:2:      layout_loops_corners, nicolae_ru_sacrificial_ziggurat,
          nicolae_overflow_hidden_temple, serial_park_tiny_2
D:3:      layout_basic
D:4:      layout_basic, old_standard_altar, pdpol_wu_jian_five_deadly_venoms,
          lemuel_round_altar, serial_shops, nicolae_shop_behind_doors,
          uniq_sigmund

Skill      XL: |  1  2  3  4 |
---------------+-------------+-----
Dodging        | 2 |  2.2
Armour         | 2 |  2.5
Translocations | 3 |  3.0
Maces & Flails | 3 |  3.0
Fighting       | |  2.7
Throwing       | |  1.1
Spellcasting   | |  2.7

Action                   |  1- 3 |  4- 6 || total
-------------------------+-------+-------++-------
Melee: Mace              |   142 |   121 ||   263
Throw: Boomerang         |       |     2 ||     2
 Abil: Dig               |       |     2 ||     2
Armor: Leather armour    |    53 |    36 ||    89
Dodge: Dodged            |    87 |    88 ||   175

Table legend: (Time is in decaauts)
 A = Elapsed time spent in this place.
 B = Non-inter-level travel time spent in this place.
 C = Inter-level travel time spent in this place.
 D = Time resting spent in this place.
 E = Time spent auto-exploring this place.
 F = Levels seen in this place.
 G = Mean time per level.
                   A        B        C        D        E       F      G
               +--------+--------+--------+--------+--------+-----+--------+
         Total |   5438 |   5186 |    252 |   1256 |   3161 |   4 | 1359.5 |
       Dungeon |   5438 |   5186 |    252 |   1256 |   3161 |   4 | 1359.5 |
               +--------+--------+--------+--------+--------+-----+--------+

Top non-repeatable levels by time:
     D:2: 2668 daAuts
     D:1: 1858 daAuts
     D:3: 901 daAuts
     D:4: 10 daAuts
